 Dungeon Crawl Stone Soup version bcrawl-1.40.3b (webtiles) character file.

Game seed: 3534831014668058504

8926917 Baz the Warrior (level 17, -11/146 HPs)
             Began as a Demonspawn Gladiator on Dec 9, 2023.
             Was the Champion of Wu Jian.
             Mangled by Bai Suzhen (28 damage)
             ... on level 3 of the Swamp.
             The game lasted 01:10:40 (31663 turns).

Baz the Warrior (Demonspawn Gladiator)             Turns: 31663, Time: 01:10:41

Health: -11/146    AC: 24    Str: 22    XL:     17   Next: 43%
Magic:  0/10       EV: 15    Int:  5    God:    Wu Jian [******]
Gold:   148        SH:  3    Dex: 22    Spells: 16/16 levels left

rFire    . . .     GDR:     42% b - +5 lajatang (antimagic)
rCold    . . .     SeeInvis +   (shield currently unavailable)
rNeg     + . .     Gourm    .   P - +0 plate armour of Follow the Leader {rElec rCorr Int-4 SInv}
rPois    +         Faith    .   l - +2 hat
rElec    +         Spirit   +   s - +0 cloak {rPois}
rCorr    +         Reflect  +   n - +0 pair of gloves
MR       +....                  (boots unavailable)
Stlth    ..........             U - +3 amulet of reflection
HPRegen  0.34/turn              N - ring of insulation
MPRegen  0.12/turn              w - +7 ring of dexterity

@: no status effects
A: hooves 3, icy blue scales 2, negative energy resistance 1, nightstalker 2,
magic shield
}: 1/15 runes: serpentine
a: Wall Jump, Serpent's Lash, Heavenly Storm, Renounce Religion


You were on level 3 of the Swamp.
You worshipped Wu Jian.
Wu Jian was exalted by your worship.
You were not hungry.

You visited 6 branches of the dungeon, and saw 26 of its levels.
You also visited: Trove.

You collected 2095 gold pieces.
You spent 1947 gold pieces at shops.

Inventory:

Hand Weapons
 a - a +6 lajatang of electrocution
 b - a +5 antimagic lajatang (weapon)
 m - a +0 quarterstaff
Missiles
 d - 5 throwing nets {=f}
Armour
 i - a +1 cloak of magic resistance
 l - a +2 hat (worn)
 n - a +0 pair of gloves (worn)
 s - a +0 cloak of poison resistance (worn)
 P - the +0 plate armour of Follow the Leader (worn) {rElec rCorr Int-4 SInv}
   (You found it on level 5 of the Lair of Beasts)

   It affects your intelligence (-4).
   It insulates you from electricity.
   It lets you see invisible.
   It provides partial protection from all sources of acid and corrosion.
Magical Staves
 J - an uncursed staff of air
Jewellery
 g - the amulet "Acwausir" {Rage *Corrode rElec Dex+5}
   (You found it in a treasure trove)

   [amulet of rage]

   It affects your dexterity (+5).
   It insulates you from electricity.
   It may corrode you when you take damage.
 w - a +7 ring of dexterity (right hand)
 F - an uncursed ring of resist corrosion
 H - a +2 amulet of reflection
 N - a ring of insulation (left hand)
 S - a +4 ring of protection
 U - a +3 amulet of reflection (around neck)
Wands
 j - a wand of acid (26)
 v - a wand of paralysis (20)
 B - a wand of clouds (2)
 C - a wand of polymorph (15)
 E - a wand of iceblast (11)
 K - a wand of disintegration (32)
 O - a wand of digging (6)
 X - a wand of flame (15)
Scrolls
 h - 7 scrolls of remove curse
 o - 3 scrolls of enchant armour
 p - 2 scrolls of teleportation
 q - a scroll of silence
 t - 8 scrolls of revelation
 u - 4 scrolls of blinking
 y - 6 scrolls of immolation
 G - a scroll of summoning
 I - 8 scrolls of fog
 L - 2 scrolls of fear
 M - a scroll of noise
 R - a scroll of vulnerability
 Y - 2 scrolls of brand weapon
Potions
 c - 4 potions of magic
 f - 4 potions of heal wounds
 k - a potion of degeneration
 r - 4 potions of agility
 x - 2 potions of mutation
 z - 3 potions of haste
 A - 5 potions of might
 D - a potion of ambrosia
 T - 6 potions of curing
 V - 3 potions of resistance
 W - 2 potions of flight
 Z - 2 potions of cancellation
Miscellaneous
 Q - a lightning rod (4/4)
Comestibles
 e - 20 rations {!d}


   Skills:
 + Level 16.6 Fighting
 - Level 16.0 Staves
 - Level 1.7 Throwing
 * Level 14.3 Armour
 + Level 11.3 Dodging
   Level 6.1 Invocations
 + Level 6.5 Evocations


You had 16 spell levels left.
You didn't know any spells.
Your spell library contained the following spells:

 Spells                   Type           Power        Failure   Level  Hunger
 Corona                   Hex            #......      99%         1    None
 Infusion                 Chrm           #.......     99%         1    None
 Static Discharge         Air            #.....       99%         1    None
 Shackle                  Hex            #.......     100%        2    ####...
 Song of Slaying          Chrm           #.......     100%        2    ####...
 Swiftness                Chrm/Air       #.......     100%        2    ####...
 False Image              Hex/Summ       #.......     100%        3    #####..
 Inner Flame              Hex/Fire       N/A          100%        3    #####..
 Ozocubu's Armour         Chrm/Ice       #.......     100%        3    #####..
 Regeneration             Chrm/Necr      #.........   100%        3    #####..
 Spectral Weapon          Hex/Chrm       #.......     100%        3    #####..
 Cause Fear               Hex            #.........   100%        4    ######.
 Lightning Bolt           Conj/Air       #.......     100%        4    ######.
 Yara's Violent Unravell  Hex/Tmut       #.........   100%        4    ######.
 Summon Lightning Spire   Summ/Air       #.......     100%        5    #######
 Conjure Ball Lightning   Conj/Air       #.........   100%        6    #######
 Chain Lightning          Conj/Air       #.........   100%        8    #######


Dungeon Overview and Level Annotations

Branches:
Dungeon (12/12)            Temple (1/1) D:7            Lair (6/6) D:7
  Swamp (3/3) Lair:4        Snake (3/3) Lair:3        Slime (0/5) Orc
    Orc (1/1) D:8             Elf (0/3) Lair:6       Vaults (0/3) D:12
 Depths (0/5) D:12

Altars:
Ashenzari
Cheibriados
Dithmenos
Fedhas
Gozag
Hepliaklqana
Kikubaaqudgha
Lugonu
Makhleb
Nemelex Xobeh
Okawaru
Qazlal
Ru
Sif Muna
Trog
Uskayaw
Vehumet
Wu Jian
Xom
Yredelemnul
Jiyva

Shops:
D:4 (   D:5 ?%(!   D:9 ?   Orc %[[!*   Snake:1 (*%:   Snake:2 *   Snake:3 (%(*(

Annotations:
D:4 3 runed translucent doors, EyeofHorus's ghost, amateur MiBe
Lair:3 1 runed translucent door, polpettosauro's ghost, journeyman AvWr
Lair:4 exclusion: 3 oklob plants
Lair:6 2 runed doors
Swamp:3 Bai Suzhen
Snake:2 3 runed translucent doors, exclusion: obsidian statue, zoran's ghost, adept HOSp Orc 3 runed translucent doors, Foic's ghost, journeyman SDAK


Innate Abilities, Weirdness & Mutations

You have hooves in place of feet.
You are mostly covered in icy blue scales. (AC +3)
You resist negative energy. (rN+)
You are significantly more attuned to the shadows.
When hurt, damage is shared between your health and your magic reserves.


Message History

* * * LOW HITPOINT WARNING * * *
Bai Suzhen claws you.
* * * LOW HITPOINT WARNING * * *
Bai Suzhen tramples you but does no damage.
You spin and attack the swamp dragon repeatedly.
You hit the swamp dragon but do no damage.
You kick the swamp dragon, but do no damage.
The swamp dragon is severely wounded.
You chop the swamp dragon into pieces!!!
You kill the swamp dragon!
The Council accepts your kill.
You hear a splash.
The swamp dragon scales are intact enough to wear.
You spin and attack Bai Suzhen repeatedly.
You hit Bai Suzhen.
Bai Suzhen is severely wounded.
You hit Bai Suzhen.
Bai Suzhen is almost dead.
The wind drake seems less confused.
Bai Suzhen bites you!!
You die...

♣♣≈≈.[≈≈≈§≈≈.♣.≈♣♣
♣♣♣♣♣♣.≈≈≈.§♣≈≈≈♣
♣♣≈≈≈≈.♣....♣♣♣
♣....§..≈≈..♣.♣♣
≈≈≈♣.≈♣♣♣≈§.§^.≈.♣
#♣§≈≈.≈♣♣...§.≈..♣
♣#≈≈≈..≈..≈....♣♣
##....≈≈.≈...≈.♣♣
#♣.≈...≈)@°k...♣
§≈≈...§Dw§.♣♣
..≈≈≈..§§..♣
≈...≈..l§.♣♣
....≈..)k.♣
♣..≈...≈...♣
..≈....≈..♣♣
≈....≈.§.≈
......≈≈≈♣


You could see Bai Suzhen (berserk), a tyrant leech, 2 wind drakes and a komodo
dragon.

Vanquished Creatures
  Nikola (Swamp:2)
  A thorn hunter (Swamp:1)
  Kirke (Lair:5)
  Donald (Swamp:2)
  14 nagarajas
  A dire elephant (D:12)
  Urug (Lair:5)
  11 hydras
  8 anacondas
  A rakshasa (Snake:3)
  A shambling mangrove (Swamp:3)
  Erica (D:11)
  26 naga warriors
  Sonja (D:11)
  2 dancing weapons (D:12)
  3 two-headed ogres
  9 alligators
  A sea snake (Snake:2)
  10 naga sharpshooters
  An orc high priest (Orc)
  2 shock serpents (Snake:3)
  2 centaur warriors (D:11)
  A salamander mystic (Snake:3)
  2 spriggan druids (Swamp:1)
  2 unseen horrors (D:11)
  2 swamp dragons
  A wolf spider zombie (D:12)
  5 naga ritualists (Snake:3)
  3 cyclopes
  4 mana vipers (Snake:2)
  23 naga magi
  16 slime creatures
  3 oklob plants
  4 orc sorcerers (Orc)
  2 ugly things
  A manticore (D:12)
  4 salamanders
  14 elephants
  12 black mambas
  7 guardian serpents
  A torpor snail (Lair:6)
  A gargoyle (D:12)
  8 komodo dragons
  18 cane toads
  4 rime drakes
  5 trolls
  A wolf spider simulacrum (D:12)
  3 harpy skeletons
  6 tyrant leeches
  7 hornets
  4 bog bodies
  6 dream sheep (Lair:6)
  30 blink frogs
  5 hippogriffs
  Grum (Lair:6)
  4 spriggans
  A shadow (D:12)
  27 yaks
  6 basilisks
  A golden eye (shapeshifter) (D:12)
  6 wyverns (Lair:5)
  A hungry ghost (D:11)
  4 hogs (Lair:5)
  A steam dragon (D:6)
  3 wargs
  59 nagas
  11 swamp worms
  Menkaure (D:6)
  13 crocodiles
  A hell hound (Lair:6)
  5 porcupines
  8 water moccasins
  2 swamp drakes
  2 soldier ants
  15 orc warriors
  2 necrophages
  5 ice beasts
  4 sky beasts
  2 black bears
  3 phantoms
  3 wolves (Lair:6)
  2 ogres
  A boggart (D:10)
  2 kobold brigands (D:10)
  11 bullfrogs
  2 gnoll sergeants
  4 centaurs
  4 scorpions
  4 electric eels (Snake:2)
  A vampire bat (Lair:6)
  3 wights (D:11)
  A howler monkey (D:2)
  16 orc priests
  11 crimson imps
  4 hounds
  2 jellies
  A gnoll shaman (D:5)
  2 bullfrog skeletons (D:5)
  6 iguanas
  Jessica (D:2)
  29 orc wizards
  8 worker ants
  A hound zombie (D:5)
  A hound skeleton (D:9)
  10 gnolls
  9 adders
  2 shadow imps
  3 oozes
  3 worms
  An adder skeleton (D:5)
  2 dart slugs
  4 leopard geckos
  48 orcs
  13 bats
  2 giant cockroaches
  3 goblins
  9 hobgoblins
  13 jackals
  24 kobolds
  8 quokkas
  3 ball pythons
  A frilled lizard (D:2)
  A quokka skeleton (D:3)
  A quokka zombie (D:6)
  2 rats
  A briar patch (Swamp:1)
775 creatures vanquished.

Vanquished Creatures (others)
  A shock serpent (Snake:2)
  A black mamba (Snake:2)
  A human (Lair:5)
  An orc (Orc)
  50 fungi
  29 plants
83 creatures vanquished.

Grand Total: 858 creatures vanquished

Notes
Turn   | Place    | Note
-------+----------+-------------------------------------------
     0 | D:1      | Baz the Demonspawn Gladiator began the quest for the Orb.
     0 | D:1      | Reached XP level 1. HP: 18/18 MP: 1/1
    85 | D:1      | Gained mutation: You have large cloven feet. [demonic
                  | ancestry]
    85 | D:1      | Reached XP level 2. HP: 24/24 MP: 2/2
   677 | D:2      | Reached skill level 1 in Armour
   677 | D:2      | Reached XP level 3. HP: 29/29 MP: 3/3
   807 | D:2      | Noticed Jessica
   864 | D:2      | Killed Jessica
   865 | D:2      | Gained mutation: You are partially covered in icy blue
                  | scales. (AC +2) [demonic ancestry]
   865 | D:2      | Reached XP level 4. HP: 36/36 MP: 4/4
   983 | D:2      | Found a burning altar of Makhleb.
   983 | D:2      | Noticed a green death
   986 | D:2      | Noticed a hellwing
   986 | D:2      | Noticed an orange demon
  1072 | D:2      | Reached XP level 5. HP: 36/42 MP: 5/5
  1449 | D:3      | Found a shattered altar of Ashenzari.
  2398 | D:4      | Reached XP level 6. HP: 45/48 MP: 6/6
  2416 | D:4      | Found an opulent altar of Gozag.
  2553 | D:4      | Got a wavering golden ring
  2757 | D:4      | Found Gasint's Weapon Emporium.
  2760 | D:4      | Identified the ring "Cutil" {Fire Str-2 Dex+5} (You found
                  | it on level 4 of the Dungeon)
  3009 | D:4      | Noticed a sky beast
  3023 | D:4      | Killed a sky beast
  3024 | D:4      | Reached skill level 5 in Staves
  3044 | D:4      | Found a runed translucent gate.
  3045 | D:4      | Found a runed translucent gate.
  3045 | D:4      | Identified the +6 scale mail of Vikki {Regen+}
  3046 | D:4      | Found a runed translucent gate.
  3046 | D:4      | Noticed EyeofHorus's ghost (amateur MiBe)
  3321 | D:4      | Found a roughly hewn altar of Beogh.
  3341 | D:5      | Entered Level 5 of the Dungeon
  3414 | D:5      | Reached XP level 7. HP: 35/55 MP: 7/7
  3559 | D:5      | Reached skill level 5 in Fighting
  3592 | D:5      | Found a white marble altar of Elyvilon.
  3777 | D:5      | Noticed a troll
  3779 | D:5      | Reached skill level 10 in Staves
  3779 | D:5      | Gained mutation: You are mostly covered in icy blue scales.
                  | (AC +3) [demonic ancestry]
  3779 | D:5      | Reached XP level 8. HP: 67/68 MP: 8/8
  3792 | D:5      | Killed a troll
  3823 | D:5      | Found an opulent altar of Gozag.
  3830 | D:5      | Gained mutation: When hurt, damage is shared between your
                  | health and your magic reserves. [demonic ancestry]
  3830 | D:5      | Reached XP level 9. HP: 63/74 MP: 9/9
  4044 | D:5      | Found a shimmering altar of Xom.
  4049 | D:5      | Gained mutation: You have hoof-like feet. [demonic
                  | ancestry]
  4049 | D:5      | Reached XP level 10. HP: 66/80 MP: 10/10
  4050 | D:5      | Reached skill level 5 in Dodging
  4050 | D:5      | Gained mutation: You have hooves in place of feet. [demonic
                  | ancestry]
  4050 | D:5      | Reached XP level 11. HP: 71/86 MP: 10/15
  4154 | D:5      | Found Giodwycs's Magic Scroll Shop.
  4158 | D:5      | Found Faize's Weapon Shop.
  4162 | D:5      | Found Puweer's Food Shop.
  4166 | D:5      | Found Xexaeq's Distillery.
  4170 | D:5      | Bought a potion of might for 40 gold pieces
  4170 | D:5      | Bought a potion of haste for 100 gold pieces
  4170 | D:5      | Bought a potion of curing for 25 gold pieces
  4610 | D:6      | Noticed Menkaure
  4629 | D:6      | Killed Menkaure
  5135 | D:7      | Found a staircase to the Lair.
  5382 | D:7      | Found a staircase to the Ecumenical Temple.
  5430 | D:7      | Got a distressingly furry medium shield
  5569 | Temple   | Entered the Ecumenical Temple
  6230 | Lair:1   | Entered Level 1 of the Lair of Beasts
  6230 | Lair:1   | Noticed a five-headed hydra
  6247 | Lair:1   | Killed a five-headed hydra
  6971 | Lair:4   | Noticed an eight-headed hydra
  7451 | Lair:4   | Killed an eight-headed hydra
  7452 | Lair:4   | Gained mutation: You are slightly more attuned to the
                  | shadows. [demonic ancestry]
  7452 | Lair:4   | Reached XP level 12. HP: 95/95 MP: 16/16
  7891 | Lair:5   | Noticed Kirke
  7905 | Lair:5   | Killed Kirke
  7991 | Lair:5   | Reached skill level 10 in Fighting
  8035 | Lair:5   | Noticed an anaconda
  8050 | Lair:5   | Killed an anaconda
  8284 | Lair:5   | Reached skill level 10 in Armour
  8314 | Lair:5   | Got a smoking granite ring
  8316 | Lair:5   | Identified the ring "Dorank" {Fire Str+4 Int-3 Slay+2} (You
                  | found it on level 5 of the Lair of Beasts)
  8363 | Lair:5   | Noticed Urug
  8395 | Lair:5   | Killed Urug
  8796 | Lair:5   | Got a glimmering plate armour
  9253 | Lair:6   | Entered Level 6 of the Lair of Beasts
  9607 | Lair:6   | Gained mutation: You are significantly more attuned to the
                  | shadows. [demonic ancestry]
  9607 | Lair:6   | Reached XP level 13. HP: 103/106 MP: 17/17
  9736 | Lair:6   | Found a staircase to the Elven Halls.
 10882 | Lair:6   | Noticed Grum
 10920 | Lair:6   | Killed Grum
 11115 | Lair:6   | Got a scorched trident
 11197 | Lair:6   | Found a large runed door.
 11198 | Lair:6   | Found a large runed door.
 11709 | Lair:3   | Found a staircase to the Snake Pit.
 11747 | Lair:3   | Found a runed translucent door.
 11748 | Lair:3   | Noticed polpettosauro's ghost (journeyman AvWr)
 11751 | Lair:3   | Identified the +2 trident of Annihilation {freeze, Int+4}
 11995 | Lair:3   | Got a bronze ring mail
 12774 | Lair:4   | Found a staircase to the Swamp.
 12851 | Lair:4   | Reached XP level 14. HP: 98/118 MP: 18/18
 15062 | Temple   | Became a worshipper of the Wu Jian Council
 15418 | D:8      | Found a glowing silver altar of Zin.
 15469 | D:8      | Found a staircase to the Orcish Mines.
 15736 | D:8      | Reached * piety under Wu Jian
 16545 | D:9      | Found Zoseinn's Magic Scroll Shop.
 16551 | D:9      | Bought a scroll of blinking for 97 gold pieces
 17365 | D:10     | Entered Level 10 of the Dungeon
 17578 | D:10     | Identified the cursed +0 plate armour of Follow the Leader
                  | {rElec rCorr Int-4 SInv} (You found it on level 5 of the
                  | Lair of Beasts)
 17791 | D:10     | Reached ** piety under Wu Jian
 18236 | D:10     | Reached skill level 1 in Evocations
 18302 | D:10     | Found a portal to a secret trove of treasure.
 18576 | D:10     | You paid a toll of a +4 large shield to enter a treasure
                  | trove
 18577 | Trove    | Entered a treasure trove
 18616 | Trove    | Got a sparkling graven amulet
 18626 | Trove    | Got a scintillating steel amulet
 18699 | Trove    | Identified the amulet "Yliej" {Inacc rC+} (You found it in
                  | a treasure trove)
 18701 | Trove    | Identified the cursed amulet "Acwausir" {Rage *Corrode
                  | rElec Dex+5} (You found it in a treasure trove)
 18807 | D:11     | Noticed Erica
 18812 | D:11     | Killed Erica
 19049 | D:11     | Found an ancient bone altar of Kikubaaqudgha.
 19460 | D:11     | Noticed Sonja
 19494 | D:11     | Killed Sonja
 20182 | D:12     | Entered Level 12 of the Dungeon
 20325 | D:12     | Found a staircase to the Depths.
 20627 | D:12     | Found a gate to the Vaults.
 21130 | D:12     | Found a shadowy altar of Dithmenos.
 21221 | D:12     | Reached *** piety under Wu Jian
 21613 | Orc      | Entered the Orcish Mines
 21678 | Orc      | Found Walaotew's General Store.
 21689 | Orc      | Bought a potion of curing for 42 gold pieces
 21718 | Orc      | Found a staircase to the Slime Pits.
 21718 | Orc      | Found a viscous altar of Jiyva.
 21840 | Orc      | Reached **** piety under Wu Jian
 22055 | Orc      | Reached XP level 15. HP: 83/126 MP: 6/19
 22233 | Orc      | Found Adio's Distillery.
 22235 | Orc      | Found Zumuluih's Antique Armour Emporium.
 22236 | Orc      | Found Viutzo's Food Emporium.
 22237 | Orc      | Found Tuilyfil's Antique Armour Shoppe.
 22254 | Orc      | Bought an encrusted plate armour for 700 gold pieces
 22266 | Orc      | Identified the cursed +0 plate armour of Eternity {+Inv
                  | Dex+3 Stlth-} (You bought it in a shop in the Orcish Mines)
 22282 | Orc      | Bought a glowing cloak for 187 gold pieces
 22833 | Orc      | Found a runed translucent gate.
 22834 | Orc      | Found a runed translucent gate.
 22835 | Orc      | Found a runed translucent gate.
 23024 | Orc      | Noticed Foic's ghost (journeyman SDAK)
 23025 | Orc      | Identified the +4 scale mail "Doteunt" {rPois Str+3 Dex+3}
 23152 | Snake:1  | Entered Level 1 of the Snake Pit
 23254 | Snake:1  | Reached skill level 15 in Staves
 23256 | Snake:1  | Reached ***** piety under Wu Jian
 23672 | Snake:1  | Noticed a nagaraja
 23690 | Snake:1  | Killed a nagaraja
 23695 | Snake:1  | Found Kualuizo's Book Shoppe.
 23727 | Snake:1  | Found Ric Xips's Food Shop.
 23815 | Snake:1  | Found Fues's General Store.
 23831 | Snake:1  | Bought a scroll of enchant weapon for 150 gold pieces
 23933 | Snake:1  | Found Mofainyr's Antique Weapon Boutique.
 24123 | Snake:1  | Got a heavily runed ring mail
 24507 | Snake:2  | Noticed a nagaraja
 24516 | Snake:2  | Noticed a nagaraja
 24588 | Snake:2  | Killed a nagaraja
 24899 | Snake:2  | Killed a nagaraja
 25047 | Snake:2  | Found a runed translucent gate.
 25047 | Snake:2  | Found a runed translucent gate.
 25047 | Snake:2  | Found a runed translucent gate.
 25049 | Snake:2  | Found an opulent altar of Gozag.
 25717 | Snake:2  | Found Xusaixuniu's Assorted Antiques.
 25717 | Snake:2  | Noticed zoran's ghost (adept HOSp)
 25751 | Snake:1  | Bought a runed lajatang for 486 gold pieces
 25820 | Snake:3  | Entered Level 3 of the Snake Pit
 25837 | Snake:3  | Noticed a nagaraja
 26109 | Snake:3  | Found Hyutuo's Weapon Shop.
 26110 | Snake:3  | Found Derrofis's Food Shop.
 26110 | Snake:3  | Found Donweo's Weapon Boutique.
 26113 | Snake:3  | Found Sogi's Assorted Antiques.
 26164 | Snake:3  | Noticed a nagaraja
 26178 | Snake:3  | Killed a nagaraja
 26179 | Snake:3  | Reached skill level 15 in Fighting
 26324 | Snake:3  | Killed a nagaraja
 26468 | Snake:3  | Reached XP level 16. HP: 132/136 MP: 18/20
 26787 | Snake:3  | Found Venysm's Antique Weapon Shoppe.
 27550 | Snake:3  | Reached skill level 10 in Dodging
 27623 | Snake:3  | Reached ****** piety under Wu Jian
 29105 | Snake:3  | Reached skill level 5 in Evocations
 29152 | Snake:3  | Got a serpentine rune of Zot
 29236 | Snake:3  | Bought a scroll of teleportation for 120 gold pieces
 29380 | Swamp:1  | Entered Level 1 of the Swamp
 29388 | Swamp:1  | Gained mutation: You resist negative energy. (rN+) [demonic
                  | ancestry]
 29388 | Swamp:1  | Reached XP level 17. HP: 137/145 MP: 9/21
 30678 | Swamp:2  | Noticed Nikola
 30695 | Swamp:2  | Killed Nikola
 30937 | Swamp:2  | Noticed Donald
 30959 | Swamp:2  | Killed Donald
 31490 | Swamp:3  | Entered Level 3 of the Swamp
 31638 | Swamp:3  | Noticed Bai Suzhen
 31660 | Swamp:3  | HP: 1/146 [tyrant leech (17)]
 31663 | Swamp:3  | Mangled by Bai Suzhen

Skill      XL: |  1  2  3  4  5  6  7  8  9 10 11 12 13 14 15 16 17 |
---------------+----------------------------------------------------+-----
Staves         | 3 4 5 10 12 13 14 16 | 16.0
Armour         | 1 2 3 6 8 9 10 12 13 14 | 14.3
Fighting       | 4 8 9 11 13 14 15 16 | 16.6
Dodging        | 5 6 9 10 11 | 11.3
Invocations    | 6 |  6.1
Evocations     | 1 5 6 |  6.5
Throwing       | |  1.7

Action                   |  1- 3 |  4- 6 |  7- 9 | 10-12 | 13-15 | 16-18 || total
-------------------------+-------+-------+-------+-------+-------+-------++-------
Melee: Quarterstaff      |    80 |   163 |   100 |   597 |   793 |       ||  1733
       Kick              |    10 |    45 |    45 |   245 |   478 |   204 ||  1027
       Lajatang          |       |       |       |       |   805 |   688 ||  1493
 Abil: Whirlwind         |       |       |       |       |   228 |   136 ||   364
       Lunge             |       |       |       |       |   108 |    50 ||   158
       Serpent's Lash    |       |       |       |       |       |     1 ||     1
Evoke: Wand              |       |       |       |     7 |     2 |       ||     9
  Use: Scroll            |       |     4 |       |     4 |    24 |     1 ||    33
       Potion            |       |       |     3 |     5 |     6 |     2 ||    16
 Stab: Confused          |       |       |       |       |       |     1 ||     1
  Eat: Chunk             |     2 |     9 |     4 |    23 |    55 |     5 ||    98
       Ration            |       |     1 |       |     1 |     9 |     7 ||    18
Armor: Scale mail        |    33 |    89 |    43 |    61 |       |       ||   226
       Leather armour    |     4 |       |       |       |       |       ||     4
       Chain mail        |       |       |       |   148 |   251 |       ||   399
       Plate armour      |       |       |       |       |   312 |   244 ||   556
Dodge: Dodged            |    55 |    93 |    51 |   218 |   425 |   196 ||  1038
Block: Other             |       |       |       |       |    42 |    37 ||    79
       Reflection        |       |       |       |       |     6 |     8 ||    14
